Map: Year Zero LE

Players

Minatoeh (Minato)

  • Race: Zerg Zerg
  • Spawn Location: 11:00

PtitDrogo - Winner!

  • Race: Protoss Protoss
  • Spawn Location: 1:00

Event: 2019 WCS Spring

VOD

Have the link to the VOD?

Description

Time

  • Played on: May 17, 2019, 9:28 a.m.
  • Length: 8:25

All games in this series

Show
View Real Time Build Order
Export as new Build Order

Minatoeh Zerg 

Build Orders: Hatch First 

Get SALT Encoding   

  12  0:01  Drone  
  13  0:13  Overlord  
  13  0:19  Drone  
  14  0:31  Drone x2  
  16  0:51  Hatchery  
  16  0:53  Drone  
  16  0:56  Drone  
  17  0:59  Drone  
  18  1:10  Extractor  
  17  1:17  Spawning Pool  
  17  1:18  Drone  
  17  1:22  Drone  
  18  1:30  Drone  
  19  2:03  Zergling x2  
  19  2:04  Queen x2, Zergling x6  
  27  2:12  Metabolic Boost  
  27  2:15  Overlord  
  27  2:16  Drone  
  28  2:36  Drone x4  
  32  2:46  Hatchery  
  32  2:47  Drone  
  32  2:52  Drone  
  32  2:58  Queen  
  35  3:02  Drone  
  36  3:16  Overlord x2  
  36  3:18  Spore Crawler  
  33  3:25  Spore Crawler  
  31  3:27  Drone x3  
  31  3:28  Drone x2  
  31  3:31  Drone  
  35  3:34  Spore Crawler  
  35  3:40  Drone x2  
  36  3:48  Drone  
  37  3:50  Queen  
  38  3:57  Drone  
  38  4:02  Queen  
  39  4:09  Drone x5  
  44  4:10  Drone  
  44  4:12  Drone  
  46  4:18  Drone x2  
  46  4:19  Drone  
  49  4:24  Spore Crawler  
  49  4:28  Queen  
  50  4:33  Queen  
  52  4:42  Zergling x2  
  52  4:43  Zergling x8  
  52  4:44  Overlord  
  57  4:47  Overlord  
  57  4:50  Overlord  
  57  4:53  Overlord  
  57  5:06  Zergling x2  
  62  5:07  Zergling x14  
  62  5:10  Zergling x8  
  62  5:13  Zergling x4  
  71  5:15  Zergling x2  
  71  5:18  Zergling x4  
  74  5:24  Zergling x2  
  75  5:34  Zergling x4  
  75  5:35  Zergling x6  
  79  5:41  Zergling x4  
  81  5:47  Zergling x2  
  81  5:48  Zergling x2  
  82  5:50  Overlord x2  
  82  5:55  Queen  
  82  6:00  Zergling x2  
  82  6:01  Zergling x4  
  80  6:05  Zergling x4  
  80  6:14  Zergling x14  
  80  6:18  Zergling x6  
  87  6:22  Zergling x4  
  83  6:28  Zergling x2  
  81  6:34  Zergling x4  
  81  6:37  Zergling x2  
  79  6:43  Zergling x2  
  69  6:57  Drone x3  
  59  7:02  Zergling x6  
  59  7:04  Queen x3  
  59  7:05  Spine Crawler  
  59  7:06  Spine Crawler  
  59  7:07  Zergling x4  
  60  7:17  Zergling x10  
  65  7:24  Spine Crawler  
  65  7:25  Spine Crawler  
  63  7:35  Zergling x12  
  69  7:37  Roach Warren  
  69  7:43  Evolution Chamber  
  67  7:48  Zergling x18  
Show
View Real Time Build Order
Export as new Build Order

PtitDrogo Protoss - Winner!

Build Orders: 1 Gate Expand, Oracle Opening, Zealot Archon 

Get SALT Encoding   

  12  0:00  Probe  
  13  0:13  Probe  
  14  0:20  Pylon  
  14  0:25  Probe  
  15  0:29  Assimilator  
  15  0:35  Probe  
  16  0:44  Probe, Gateway  
  17  0:53  Probe  
  18  1:05  Probe  
  19  1:17  Probe  
  20  1:26  Nexus  
  20  1:35  Cybernetics Core  
  20  1:38  Probe  
  21  1:43  Assimilator  
  21  1:51  Probe  
  22  1:54  Pylon  
  22  2:02  Adept  
  22  2:03  Probe  
  26  2:15  Probe  
  26  2:18  Stargate  
  26  2:21  Warp Gate  
  26  2:27  Probe  
  27  2:32  Stalker  
  27  2:33  Probe  
  27  2:35  Probe  
  29  2:42  Probe  
  29  2:43  Probe  
  33  2:52  Probe  
  33  2:54  Oracle, Probe  
  35  3:04  Probe  
  39  3:06  Probe  
  40  3:16  Probe  
  40  3:18  Probe  
  42  3:26  Oracle  
  41  3:28  Probe  
  41  3:30  Probe  
  45  3:39  Pylon  
  45  3:40  Probe, Pylon  
  46  3:53  Assimilator  
  46  3:54  Assimilator  
  46  3:57  Probe x2  
  46  4:00  Gateway  
  48  4:04  Robotics Facility  
  50  4:10  Probe x2  
  50  4:13  Zealot  
  52  4:22  Probe  
  53  4:30  Twilight Council  
  53  4:33  Nexus, Pylon  
  53  4:34  Sentry  
  53  4:37  Probe x2  
  57  4:46  Observer  
  57  4:49  Probe x2  
  57  4:51  Forge  
  59  4:55  Sentry  
  59  4:57  Charge  
  59  4:58  Pylon  
  59  5:08  Templar Archives  
  59  5:18  Gateway  
  59  5:19  Gateway x2  
  59  5:27  Gateway  
  59  5:28  Protoss Ground Weapons Level 1  
  59  5:30  Shield Battery  
  59  5:36  Zealot  
  59  5:37  Zealot  
  59  5:41  Gateway  
  61  5:44  Pylon  
  61  5:45  Immortal  
  63  5:57  Pylon  
  63  6:00  Pylon  
  63  6:03  High Templar x2  
  67  6:08  Archon  
  67  6:10  Shield Battery  
  67  6:15  Pylon  
  67  6:16  Zealot x3  
  73  6:23  Zealot  
  63  6:36  Zealot x3, High Templar x2  
  71  6:40  Archon  
  71  6:43  Zealot  
  71  6:47  Probe  
  71  6:48  Probe  
  71  6:51  Warp Prism  
  71  6:53  Zealot  
  73  6:59  Zealot x3  
  72  7:05  Probe  
  72  7:06  Probe  
  73  7:10  High Templar x2  
  73  7:14  Archon  
  77  7:19  Pylon  
  77  7:20  Probe  
  77  7:21  Probe  
  79  7:24  Gateway  
  79  7:28  Zealot, Pylon  
  81  7:32  Sentry  
  81  7:35  Zealot  
  85  7:38  Zealot  
  86  7:53  Pylon  
  86  7:55  High Templar x2  
  86  7:57  Adept  
  92  7:59  Archon  
  92  8:01  Zealot x2  
  92  8:03  Zealot  
  96  8:20  Zealot  
Tags
 
Add a new tag
Caveats
  • Supply blocks, unpowered buildings, or Contaminate may cause inaccurate times.
  • Supply counts are checked every 10 seconds.